 Dungeon Crawl Stone Soup version 0.17.2-1-ge4368a0 (webtiles) character file.

20558 Goblin1989 the Bewitcher (level 12, -5/86 HPs)
             Began as a Vampire Enchanter on Apr 28, 2017.
             Was an Initiate of Gozag.
             Slain by an eight-headed hydra (8 damage)
             ... on level 2 of the Lair of Beasts on May 2, 2017.
             The game lasted 01:39:33 (17788 turns).

Goblin1989 the Bewitcher (Vampire Enchanter)       Turns: 17788, Time: 01:39:34

Health: -5/86      AC:  0    Str:  2    XL:     12   Next: 46%
Magic:  11/21      EV: 30    Int: 18    God:    Gozag
Gold:   2264       SH:  0    Dex: 24    Spells: 7 memorised, 6 levels left

rFire  . . .     SeeInvis +     (weapon currently unavailable)
rCold  + + .     Clarity  .     (armour currently unavailable)
rNeg   + + +     SustAt   .     (shield currently unavailable)
rPois  ∞         Gourm    .     (helmet currently unavailable)
rElec  .         Spirit   .     (cloak currently unavailable)
rCorr  +         Warding  .     (gloves currently unavailable)
rMut   .         Stasis   .     (boots currently unavailable)
MR     +....                    g - amulet of resist corrosion
Stlth  ++++++++..               (ring currently unavailable)
                                (ring currently unavailable)

@: bat-form, flying, bloodless, non-regenerating, very quick, somewhat resistant
to hostile enchantments, extraordinarily stealthy
A: (fangs 0), see invisible, (unbreathing)
a: End Transformation, Potion Petition, Call Merchant, Bribe Branch, Renounce
Religion


You were on level 2 of the Lair of Beasts.
You worshipped Gozag.
Gozag was noncommittal.
You were bloodless.
You were in vampire-bat-form.
You visited 3 branches of the dungeon, and saw 15 of its levels.
You also visited: Labyrinth.

You collected 2405 gold pieces.
You paid 141 gold pieces to Gozag.

Inventory:

Hand Weapons
 a - a +1 dagger of venom (melded)
 b - a +0 rapier
Armour
 f - a +2 leather armour of cold resistance
 A - a +0 helmet (melded)
 F - a +0 cloak (melded)
 P - a +2 robe of resistance (melded)
Magical Staves
 I - a staff of earth
 J - a staff of wizardry {!a}
Jewellery
 g - an amulet of resist corrosion (around neck)
 p - an amulet of clarity
 L - a +3 ring of protection (melded)
Wands
 h - a wand of heal wounds (2) {@v1, !v}
 n - a wand of draining (1)
 o - a wand of cold (7)
 r - a wand of fireball (4)
 x - a wand of random effects (14)
 C - a wand of confusion (29)
 E - a wand of enslavement (11)
 G - a wand of cold (4)
 K - a wand of invisibility (0)
Scrolls
 c - 6 scrolls of remove curse {@r2}
 d - a scroll of immolation
 i - 2 scrolls of fear
 m - 3 scrolls of fog
 w - 2 scrolls of amnesia
 M - 4 scrolls of magic mapping
 N - 3 scrolls of recharging
 Q - 2 scrolls of enchant armour
 T - 4 scrolls of teleportation {!r, @r3}
Potions
 e - 8 potions of curing {@q1}
 j - a potion of agility {unknown}
 k - 3 potions of brilliance
 q - 2 potions of magic
 s - a potion of heal wounds
 t - a potion of might
 z - 2 potions of resistance
 B - a potion of flight
 S - a potion of cure mutation {!q}
Miscellaneous
 y - a lantern of shadows


   Skills:
 + Level 5.5 Fighting
 + Level 11.1 Short Blades
 + Level 7.3 Dodging
 + Level 13.9 Stealth
 + Level 6.1 Spellcasting
 * Level 15.8 Hexes
 - Level 2.8 Ice Magic


You had 6 spell levels left.
You knew the following spells:

 Your Spells              Type           Power        Failure   Level  Hunger
a - Corona                Hex            ######.      1%          1    None
f - Repel Missiles        Chrm/Air       #.....       17%         2    None
q - Dazzling Spray        Conj/Hex       ####....     1%          3    ##.....
t - Tukima's Dance        Hex            ######..     1%          3    ##.....
x - Confuse               Hex            ######..     1%          3    ##.....
z - Ensorcelled Hibernat  Hex/Ice        #####.       1%          2    None
R - Regeneration          Chrm/Necr      #.........   34%         3    ##.....


Dungeon Overview and Level Annotations

Branches:
Dungeon (11/15)            Temple (1/1) D:4            Lair (3/8) D:10
  Swamp (0/4) Lair:3          Orc (0/4) D:11
  Snake: Lair:3-6    Spider: Lair:3-6

Altars:
Cheibriados
Dithmenos
Elyvilon
Fedhas
Gozag
Kikubaaqudgha
Makhleb
Nemelex Xobeh
Okawaru
Qazlal
Ru
Sif Muna
Trog
Vehumet
Xom
Yredelemnul
Zin
The Shining One
Lugonu

Shops:
D:4 =

Annotations:
D:3 Alipheese's ghost, amateur NaSk
D:9 exclusion: ice statue
Lair:1 exclusions: crocodile, 2 doors, hydra, oklob plant and water moccasin, Goblin1989's ghost, journeyman DsMo


Innate Abilities, Weirdness & Mutations

You do not heal naturally.
You are immune to poison.
((You have razor-sharp teeth.))
You have supernaturally acute eyesight.
((You can survive without breathing.))


Message History

You feel better.
You feel slightly less thirsty.
You skewer the iguana like a kebab!!!!
You kill the iguana!
Health restored: 86 You now have 2264 gold pieces (gained 7).
You open the door.
There is an open door here.
You open the door.
There is an open door here.
You open the door.
There is an open door here.
Found an escape hatch in the floor.
T - 4 scrolls of teleportation {!r, @r3} (gained 1)
You open the door.
There is an open door here.
You feel devoid of blood!
There is a stone staircase leading up here.
A death yak comes into view. 2 death yaks come into view.
The death yak moves out of view.
A death yak comes into view.
There is an open door here.
You close the door.
There is a stone staircase leading up here.
You climb upwards.
Level annotation: exclusions: hydra and steam dragon
There is a stone staircase leading down here.
Unknown command.
The helpless steam dragon fails to defend itself.
You bite the steam dragon, and draw its blood!
You feel almost devoid of blood!
You skewer the steam dragon like a kebab!!!!
You kill the steam dragon!
Unknown command.
Casting: Ensorcelled Hibernation
Confirm with . or Enter, or press ? or * to list all spells.
You don't know that spell.
Press: ? - help, v - describe, . - travel, g - get item 23 gold pieces.
The floor, spattered with blood.
Reduced exclusion size to a single square.
Removed exclusion.
Really walk into a travel-excluded area?
Okay, then.
Really walk into a travel-excluded area?
Really walk into a travel-excluded area?
The eight-headed hydra roars!
The eight-headed hydra bites you! x2
The eight-headed hydra bites you. x2
The eight-headed hydra misses you.
The eight-headed hydra completely misses you.
The eight-headed hydra bites you!
The eight-headed hydra closely misses you.
You take 46 damage, and have 40/86 hp.
MASSIVE DAMAGE!!
The eight-headed hydra is distracted by the nearby gold.
Unknown command.
Casting: Ensorcelled Hibernation
Confirm with . or Enter, or press ? or * to list all spells.
Aiming: Confuse
Press: ? - help, Shift-Dir - straight line, f - eight-headed hydra
Aim: an eight-headed hydra (hasn't noticed you, chance to defeat MR: 42%)
The eight-headed hydra roars!
The eight-headed hydra resists with some effort.
You now have 18/21 mp.
Casting: Confuse
Confirm with . or Enter, or press ? or * to list all spells.
Aiming: Confuse
Press: ? - help, Shift-Dir - straight line, f/p - eight-headed hydra
Aim: an eight-headed hydra (chance to defeat MR: 42%)
The eight-headed hydra resists with some effort.
You now have 15/21 mp.
Casting: Confuse
Confirm with . or Enter, or press ? or * to list all spells.
Aiming: Confuse
Press: ? - help, Shift-Dir - straight line, f/p - eight-headed hydra
Aim: an eight-headed hydra (chance to defeat MR: 42%)
The eight-headed hydra resists with some effort.
You now have 12/21 mp.
Casting: Confuse
Confirm with . or Enter, or press ? or * to list all spells.
Okay, then.
You turn into a vampire bat.
Your +1 dagger of venom melds into your body.
Your +0 cloak melds into your body.
Your +0 helmet melds into your body.
Your +2 robe of resistance melds into your body.
Your +3 ring of protection melds into your body.
Your +1 dagger of venom stops dripping with poison.
You feel hot and cold all over.
You feel devoid of blood! The eight-headed hydra bites you!
* * * LOW HITPOINT WARNING * * *
The eight-headed hydra closely misses you.
The eight-headed hydra completely misses you.
The eight-headed hydra bites you!
* * * LOW HITPOINT WARNING * * *
The eight-headed hydra bites you!
* * * LOW HITPOINT WARNING * * *
The eight-headed hydra bites you!
You die...
Your body crumbles into a pile of gold.

..█.█████
███.█.█.█.█.█.█.█.████ ...██
██..(...............█ .█.████
█.█.█.█.█.█.█.█.█.█(█
......███
█..................██
........█
████.█.█.█.█.█.█.█.██
........█
█.█P.▲█...........██
........████..........████.██
.........██.....D.(.$..█ ███
.......>..█P....b....███
......███..^.........██
......████)...........█
.....<.██P.▲.........██
......██████..........█
█.█████ ██......>..██ ███
█.████.█████ ███ ███


You could see an eight-headed hydra.

Vanquished Creatures
  A minotaur (Lab)
  Fannar (Lair:3)
  Erica (D:10)
  An unseen horror (D:11)
  A hill giant (D:10)
  A black mamba (Lair:1)
  An ugly thing (D:11)
  2 cyclopes
  2 spiny frogs
  A fire drake (Lair:2)
  A queen bee (Lair:1)
  A komodo dragon (Lair:1)
  A troll (D:10)
  2 two-headed ogres
  7 blink frogs (Lair:2)
  2 trapdoor spiders (Lab)
  2 wraiths (D:10)
  2 hungry ghosts
  3 basilisks
  A human (D:9)
  16 yaks
  6 hippogriffs
  5 wolves (Lair:3)
  A mottled dragon (D:11)
  A steam dragon (Lair:2)
  2 wargs (D:10)
  Duvessa (D:5)
  3 water moccasins
  2 porcupines
  2 orc warriors
  4 ogres
  4 ice beasts
  2 sky beasts
  2 phantoms (D:10)
  A necrophage (D:10)
  3 centaurs
  6 crocodiles
  A big kobold (D:7)
  Dowan (D:5)
  11 giant frogs
  An earth elemental (Lab)
  4 scorpions
  30 killer bees
  5 crimson imps
  2 quasits
  A jelly (D:8)
  A giant frog zombie (D:10)
  6 hounds
  8 orc wizards
  3 giant frog skeletons
  5 orc priests
  13 worker ants
  6 iguanas
  3 sheep (D:10)
  A hound skeleton (D:11)
  7 gnolls
  40 river rats
  14 adders
  4 shadow imps
  2 oozes
  A worm (D:2)
  2 adder skeletons (D:5)
  3 giant geckos
  18 orcs
  3 ball pythons
  2 bats
  3 giant cockroaches
  7 goblins
  7 hobgoblins
  4 quokkas
  A giant gecko zombie (D:7)
  9 giant newts
  11 jackals
  9 kobolds
  10 rats
354 creatures vanquished.

Vanquished Creatures (others)
  2 fungi
  2 plants
4 creatures vanquished.

Grand Total: 358 creatures vanquished

Notes
Turn   | Place    | Note
--------------------------------------------------------------
     0 | D:1      | Goblin1989 the Vampire Enchanter began the quest for the Orb.
     0 | D:1      | Reached XP level 1. HP: 13/13 MP: 3/3
   344 | D:1      | Reached XP level 2. HP: 14/19 MP: 5/5
   560 | D:1      | Reached skill level 5 in Hexes
   563 | D:1      | Reached skill level 5 in Stealth
  1249 | D:2      | Reached XP level 3. HP: 24/24 MP: 6/6
  1330 | D:1      | Learned a level 3 spell: Confuse
  1381 | D:1      | Learned a level 2 spell: Ensorcelled Hibernation
  2170 | D:2      | Found a basalt altar of Yredelemnul.
  2171 | D:2      | Found a glowing silver altar of Zin.
  2171 | D:2      | Found a radiant altar of Vehumet.
  2173 | D:2      | Found a shadowy altar of Dithmenos.
  2821 | D:2      | Reached XP level 4. HP: 30/30 MP: 7/7
  3074 | D:3      | Noticed Alipheese's ghost (amateur NaSk)
  3189 | D:3      | Found an ancient bone altar of Kikubaaqudgha.
  3508 | D:3      | You fall through a shaft!
  3521 | D:4      | Found Fapso's Jewellery Boutique.
  3715 | D:4      | Found a staircase to the Ecumenical Temple.
  3725 | Temple   | Entered the Ecumenical Temple
  3828 | D:4      | Reached skill level 6 in Stealth
  3828 | D:4      | Reached XP level 5. HP: 35/35 MP: 8/8
  3844 | D:4      | Noticed an ogre
  3867 | D:4      | Killed an ogre
  3936 | D:4      | Reached XP level 6. HP: 41/41 MP: 6/9
  3992 | D:4      | Noticed an ogre
  4355 | D:4      | Found an iron altar of Okawaru.
  4708 | D:4      | Reached skill level 5 in Short Blades
  4726 | D:5      | Entered Level 5 of the Dungeon
  4821 | D:5      | Reached skill level 7 in Stealth
  5150 | D:5      | Noticed Duvessa
  5150 | D:5      | Noticed Dowan
  5506 | D:6      | Reached XP level 7. HP: 35/46 MP: 1/10
  5758 | D:6      | Found a white marble altar of Elyvilon.
  5904 | D:6      | Reached skill level 8 in Stealth
  6215 | D:6      | Learned a level 3 spell: Tukima's Dance
  6624 | D:6      | Reached XP level 8. HP: 47/52 MP: 0/11
  7523 | D:7      | Reached skill level 9 in Stealth
  8297 | D:8      | Found a shimmering altar of Xom.
  8544 | D:8      | Reached skill level 10 in Stealth
  8676 | D:8      | Noticed a two-headed ogre
  8677 | D:8      | Killed a two-headed ogre
  8677 | D:8      | Reached XP level 9. HP: 57/57 MP: 12/12
  8679 | D:8      | Identified Nuczuah's Collected Works on Excruciating Malediction
  9113 | D:9      | Found a stormy altar of Qazlal.
  9154 | D:9      | Noticed an ice statue
  9899 | D:9      | Reached skill level 10 in Hexes
 10089 | D:5      | Killed Duvessa
 10089 | D:5      | Reached skill level 10 in Short Blades
 10094 | D:5      | Killed Dowan
 10145 | D:5      | Found an opulent altar of Gozag.
 10152 | D:5      | Goblin1989: лол
 10152 | D:5      | Goblin1989: пропустил алтарь гозага на Д5
 10152 | D:5      | Became a worshipper of Gozag Ym Sagoz the Greedy
 10511 | D:8      | Reached skill level 11 in Stealth
 10640 | D:9      | Reached skill level 1 in Fighting
 10941 | D:10     | Entered Level 10 of the Dungeon
 10962 | D:9      | Reached XP level 10. HP: 67/67 MP: 9/14
 11143 | D:10     | Noticed Erica
 11334 | D:9      | Reached skill level 12 in Hexes
 11569 | D:10     | Killed Erica
 11651 | D:10     | Found a staircase to the Lair.
 12124 | D:10     | Reached skill level 1 in Ice Magic
 12146 | D:10     | Learned a level 3 spell: Dazzling Spray
 12242 | D:10     | Noticed a hill giant
 12294 | D:10     | Reached skill level 13 in Hexes
 12416 | D:10     | Killed a hill giant
 12416 | D:10     | Reached skill level 5 in Dodging
 12582 | D:10     | Reached XP level 11. HP: 74/76 MP: 9/17
 12641 | D:10     | Noticed a cyclops
 12658 | D:10     | Killed a cyclops
 13013 | D:11     | Found a staircase to the Orcish Mines.
 13291 | D:11     | Noticed an unseen horror
 13297 | D:11     | Killed an unseen horror
 14018 | Lair:1   | Entered Level 1 of the Lair of Beasts
 14076 | Lair:1   | Reached skill level 14 in Hexes
 14173 | Lair:1   | Reached skill level 5 in Spellcasting
 14375 | Lair:1   | Noticed a five-headed hydra
 15080 | Lair:1   | Noticed Goblin1989's ghost (journeyman DsMo)
 15180 | Lair:2   | Noticed an eight-headed hydra
 15515 | Lair:2   | Reached skill level 15 in Hexes
 15515 | Lair:2   | Reached XP level 12. HP: 85/85 MP: 20/20
 15811 | Lair:2   | Reached skill level 5 in Fighting
 16031 | Lair:3   | Found a labyrinth entrance.
 16046 | Lab      | Entered a labyrinth
 16964 | Lab      | Noticed a minotaur
 16982 | Lab      | Killed a minotaur
 17010 | Lab      | Identified the Incunabulum of the Arsonist
 17013 | Lab      | Identified the Incunabulum of Augmentations
 17020 | Lab      | Identified the Papyrus of Fiery Confrontation
 17056 | Lair:3   | Learned a level 3 spell: Regeneration
 17059 | Lair:3   | Learned a level 2 spell: Repel Missiles
 17385 | Lair:3   | Noticed Fannar
 17480 | Lair:3   | Killed Fannar
 17788 | Lair:2   | HP: 3/86 [eight-headed hydra (16)]
 17788 | Lair:2   | Slain by an eight-headed hydra

Action                   |  1- 3 |  4- 6 |  7- 9 | 10-12 || total
-------------------------+-------+-------+-------+-------++-------
Melee: Dagger            |   119 |    72 |   180 |   680 ||  1051
 Cast: Corona            |     5 |     1 |       |       ||     6
       Ensorcelled Hiber |     9 |    26 |    59 |    86 ||   180
       Confuse           |     1 |     4 |    38 |    69 ||   112
 Abil: Bat Form          |     1 |     2 |     2 |     1 ||     6
       End Transformatio |     1 |     2 |     2 |       ||     5
Evoke: Wand              |       |       |       |    11 ||    11
  Use: Potion            |     4 |     5 |     8 |     4 ||    21
       Scroll            |       |       |       |    27 ||    27
 Stab: Sleeping          |    16 |    23 |    61 |    80 ||   180
       Confused          |       |     3 |    19 |    40 ||    62
       Invisible         |       |       |       |    15 ||    15
       Distracted        |       |       |       |     4 ||     4

Vault maps used:
D:1:      dpeg_arrival_long_road
D:2:      grunt_temple_overflow_open, first_bread
D:3:      kiku_gazebo_garden_becter, ashenzari_altar_1
D:4:      kennysheep_spiral_hall, kennysheep_okawaru_gauntlet, temple_hall,
          serial_shops, shop_fountains
D:5:      marbit_many_paths, uniq_duvessa
D:6:      elyvilon_altar_1
D:8:      xom_teletrap_fun
D:9:      grunt_qazlal_clouds, grunt_pizzeria, minivault_16
D:10:     erik_lair_orcish_takeover, uniq_erica
D:11:     orc_0_dummy, kennysheep_small_spiral
Temple:   corrupted_temple
Lair:1:   special_room, grunt_megastairs_4
Lair:2:   st_stairs_12, fungi_pond_lemuel
Lair:3:   swamp_mist, lab_entry_generic, uniq_fannar
Lab:      nicolae_lab_dead_adventurers, nicolae_lab_t_cross, lab_statue,
          labyrinth_skeletal_remains
